 Dungeon Crawl Stone Soup version 0.14.0-15-g6b16f67 (webtiles) character file.

494 Sabsy the Cudgeler (level 6, 0/62 HPs)
             Began as an Ogre Chaos Knight on Apr 18, 2014.
             Was a Plaything of Xom.
             Slain by an ogre
             ... wielding a +0,+0 giant club
              (12 damage)
             ... on Level 4 of the Dungeon.
             The game lasted 00:16:42 (3644 turns).

Sabsy the Cudgeler (Ogre Chaos Knight)              Turns: 3644, Time: 00:16:43

HP   0/62        AC  5     Str 20      XL: 6   Next: 80%
MP   6/6         EV 10     Int 16      God: Xom
Gold 104         SH  0     Dex  9      Spells:  0 memorised,  5 levels left

rFire  . . .     SeeInvis .     a - +0 mace (chaos)
rCold  . . .     Clarity  .     b - +2 robe
rNeg   . . .     Conserve .     (shield restricted)
rPois  .         rCorr    .     (helmet restricted)
rElec  .         rRot     .     (no cloak)
SustAb . .       Spirit   .     (gloves unavailable)
rMut   .         Warding  .     (boots unavailable)
Saprov + . .     Stasis   .     (no amulet)
MR     .....                    (no ring)
                                (no ring)

@: brilliant, very slightly contaminated, hasted, very quick, not resistant to
hostile enchantments, unstealthy
A: unfitting armour, fast metabolism 1, saprovore 1, tough skin 1
a: Renounce Religion


You were on level 4 of the Dungeon.
You worshipped Xom.
You were a favourite toy of Xom.
You were hungry.

You visited 1 branch of the dungeon, and saw 4 of its levels.
You also visited: Sewer.

You collected 104 gold pieces.

Inventory:

Hand weapons
 a - a +0,+0 mace of chaos (weapon)
Missiles
 t - 3 javelins (quivered)
Armour
 b - a +2 robe (worn)
Magical devices
 e - a wand of random effects (7)
 k - a wand of disintegration (13)
 n - a wand of polymorph (7)
Comestibles
 c - 3 meat rations
 f - 4 strawberries
 h - a pear
 i - 3 bread rations
 r - a honeycomb
Scrolls
 g - 4 scrolls of remove curse
 j - a scroll of random uselessness
 s - 2 scrolls of recharging
 u - a scroll of amnesia
 w - a scroll of identify
Potions
 m - a potion of curing
 o - a potion of agility
 p - a potion of haste


   Skills:
 - Level 4.0 Fighting
 + Level 6.3 Maces & Flails
 + Level 4.1 Dodging
 + Level 3.3 Stealth


You had 5 spell levels left.
You didn't know any spells.

Dungeon Overview and Level Annotations

Branches:
Dungeon (4/15)
 Temple: D:4-7

Altars:
Vehumet


Innate Abilities, Weirdness & Mutations

You are too large for most types of armour.
You have a fast metabolism.
You can tolerate rotten meat.
You have tough skin (AC +1).


Message History

The orc wizard gestures wildly while chanting.
The orc wizard seems to speed up.
You sock the ogre!
The ogre is severely wounded.
The ogre hits you with a giant club!
* * * LOW HITPOINT WARNING * * *
You closely miss the ogre.
The ogre is severely wounded.
You barely miss the ogre.
The ogre is severely wounded.
The ogre closely misses you. The orc misses you.
The orc wizard gestures wildly while chanting.
The orc wizard blinks!
You completely miss the ogre.
The ogre is severely wounded.
The orc misses you.
The orc wizard casts a spell.
The orc wizard blinks!
The ogre hits you with a giant club!
You die...
Xom chuckles heartily!

###########
#..§....o@#
##.......Oo#
........o..o#
.#.........#
#.....<§..#
#......####
#......#
#......#
........#


You could see an ogre, an orc wizard and 3 orcs.

Vanquished Creatures
  Purgy (Sewer)
  A hound (D:3)
  2 big fish (Sewer)
  A worker ant (D:3)
  Jessica (D:2)
  Terence (D:2)
  8 adders
  3 worms (D:2)
  5 giant geckos
  An ooze (D:2)
  3 orcs (D:3)
  3 ball pythons
  11 bats
  5 giant cockroaches
  7 hobgoblins
  7 jackals
  12 kobolds
  6 giant newts
  4 goblins
  A quokka (D:2)
  8 rats
91 creatures vanquished.

Vanquished Creatures (others)
  A hobgoblin zombie (D:3)
1 creature vanquished.

Grand Total: 92 creatures vanquished

Notes
Turn   | Place    | Note
--------------------------------------------------------------
     0 | D:1      | Sabsy, the Ogre Chaos Knight, began the quest for the Orb.
     0 | D:1      | Reached XP level 1. HP: 24/24 MP: 1/1
    52 | D:1      | XOM: potion effect (curing)
   104 | D:1      | Reached XP level 2. HP: 32/32 MP: 2/2
   169 | D:1      | Reached skill level 1 in Stealth
   360 | D:1      | Reached XP level 3. HP: 39/39 MP: 3/3
   637 | D:1      | XOM: harmless Hex miscast
   654 | D:2      | Noticed Jessica
   665 | D:2      | Killed Jessica
   838 | D:1      | XOM: divination: detect creatures
   891 | D:1      | XOM: harmless Ice miscast
   906 | D:2      | Reached XP level 4. HP: 29/48 MP: 4/4
  1027 | D:2      | XOM: harmless Fire miscast
  1266 | D:2      | Reached skill level 5 in Maces & Flails
  1297 | D:2      | XOM: harmless Hex miscast
  1480 | D:2      | Noticed Terence
  1481 | D:2      | XOM: silly message
  1535 | D:2      | XOM: harmless Conj miscast
  1679 | D:2      | Reached XP level 5. HP: 52/54 MP: 5/5
  1827 | D:2      | XOM: harmless Tloc miscast
  2083 | D:2      | Killed Terence
  2436 | D:3      | XOM: medium Fire miscast
  2478 | D:3      | Found a glowing drain.
  2485 | Sewer    | Entered a sewer
  2696 | Sewer    | Reached XP level 6. HP: 49/62 MP: 6/6
  2774 | Sewer    | Noticed Purgy
  2797 | Sewer    | Killed Purgy
  2797 | Sewer    | Reached skill level 6 in Maces & Flails
  3442 | D:3      | XOM: silly message
  3493 | D:3      | Found a radiant altar of Vehumet.
  3644 | D:4      | Slain by an ogre

Action                   |  1- 3 |  4- 6 || total
-------------------------+-------+-------++-------
Melee: Mace              |   112 |   195 ||   307
       Unarmed           |       |     2 ||     2
Throw: Javelin           |       |    18 ||    18
Evoke: Wand              |       |     6 ||     6
  Use: Scroll            |     1 |    10 ||    11
       Potion            |       |     9 ||     9
 Stab: Sleeping          |     1 |     1 ||     2
       Invisible         |       |     1 ||     1
